 Dungeon Crawl Stone Soup version 0.20-a0-927-g1ae2c61 (webtiles) character file.

117 Goblin1989 the Slasher (level 4, -4/35 HPs)
             Began as a Demonspawn Monk on Mar 28, 2017.
             Was an Initiate of Gozag.
             Slain by a sky beast (6 damage)
             ... on level 2 of the Dungeon.
             The game lasted 00:10:30 (3117 turns).

Goblin1989 the Slasher (Demonspawn Monk)            Turns: 3117, Time: 00:10:31

Health: -4/35      AC:  5    Str: 13    XL:     4   Next: 71%
Magic:  4/4        EV: 11    Int: 11    God:    Gozag
Gold:   228        SH:  0    Dex: 15    Spells: 3/3 levels left

rFire    . . .     SeeInvis .   a - +0 falchion
rCold    . . .     Gourm    .   (no shield)
rNeg     . . .     Faith    .   p - +0 ring mail
rPois    .         Spirit   .   (helmet restricted)
rElec    .         Reflect  .   (no cloak)
rCorr    .         Harm     .   (no gloves)
MR       .....                  (no boots)
Stlth    +.........             (no amulet)
Regen    0.2/turn               (no ring)
MPRegen  0.1/turn               (no ring)

@: no status effects
A: antennae 2
a: Potion Petition, Call Merchant, Bribe Branch, Renounce Religion


You were on level 2 of the Dungeon.
You worshipped Gozag.
Gozag was aware of your devotion.
You were not hungry.

You visited 1 branch of the dungeon, and saw 3 of its levels.

You collected 228 gold pieces.

Inventory:

Hand Weapons
 a - a +0 falchion (weapon)
 d - a +0 dagger of speed
 s - a cursed -2 whip
 w - a +0 blowgun {@w1}
Missiles
 j - 55 stones (quivered)
 q - 4 poisoned needles
Armour
 g - a +0 chain mail
 p - a +0 ring mail (worn)
Scrolls
 b - a scroll of enchant armour {unknown}
 c - 2 scrolls of teleportation {unknown}
 f - 2 scrolls of amnesia {unknown}
 h - a scroll of random uselessness {unknown}
 k - a scroll of fog {unknown}
 l - 4 scrolls of remove curse {unknown}
 m - a scroll of enchant weapon {unknown}
 o - 2 scrolls of recharging {unknown}
 r - 2 scrolls of identify {unknown}
 t - a scroll of magic mapping {unknown}
Potions
 i - 2 potions of curing {@q1}
 u - a potion of might {unknown}
 v - a potion of haste {unknown}
Comestibles
 e - a bread ration {@e1}
 n - a meat ration {@e2}
 x - 4 fruits


   Skills:
 + Level 3.0 Fighting
 + Level 0.1(3.0) Short Blades
 + Level 5.0 Long Blades
 + Level 0.1 Armour
 - Level 2.6 Dodging
 - Level 1.7 Stealth


You had 3 spell levels left.
You didn't know any spells.

Dungeon Overview and Level Annotations

Branches:
Dungeon (3/15)

Altars:
Gozag
Ru
The Shining One


Innate Abilities, Weirdness & Mutations

You have a pair of antennae on your head.


Message History

The orc wizard hits you but does no damage.
The orc priest calls down the wrath of Beogh upon you.
Beogh smites you!
You take 12 damage, and have 23/35 hp.
MASSIVE DAMAGE!!
You closely miss the orc wizard.
The orc wizard gestures wildly while chanting.
The orc wizard blinks!
A sky beast comes into view.
The sky beast flickers out of sight!
Deactivating autopickup; reactivate with Ctrl-A.
Something hits you. Something shocks you.
The orc wizard hits you but does no damage.
The orc priest looks satisfied for a moment.
You take 7 damage, and have 17/35 hp.
You are too injured to fight recklessly!
You are too injured to fight recklessly!
You are too injured to fight recklessly!
You are too injured to fight recklessly!
You are too injured to fight recklessly!
You are too injured to fight recklessly!
You are too injured to fight recklessly!
You are too injured to fight recklessly!
You are too injured to fight recklessly!
You are too injured to fight recklessly!
You are too injured to fight recklessly!
You are too injured to fight recklessly!
You are too injured to fight recklessly!
You are too injured to fight recklessly!
You are too injured to fight recklessly!
You are too injured to fight recklessly!
You are too injured to fight recklessly!
Something hits you but does no damage.
The orc wizard gestures at you while chanting.
The magic dart hits something.
The orc priest looks encouraged for a moment.
The orc priest mumbles some strange prayers to Beogh against you.
Beogh smites you!
* * * LOW HITPOINT WARNING * * *
You take 10 damage, and have 8/35 hp.
MASSIVE DAMAGE!!
The orc wizard casts a spell at you.
The magic dart hits something.
A sky beast appears from thin air!
Reactivating autopickup.
The sky beast flickers out of sight!
Deactivating autopickup; reactivate with Ctrl-A.
A sky beast appears from thin air!
Reactivating autopickup.
The sky beast flickers out of sight!
Deactivating autopickup; reactivate with Ctrl-A.
The orc wizard casts a spell.
The orc wizard blinks!
There is an escape hatch in the floor here.
A sky beast appears from thin air!
Reactivating autopickup.
The sky beast flickers out of sight!
Deactivating autopickup; reactivate with Ctrl-A.
You see here a dagger.
There is an escape hatch in the ceiling here.
Something hits you but does no damage. A mysterious force pulls you upwards.
The hatch slams shut behind you.
You miss something. Something hits you.
* * * LOW HITPOINT WARNING * * *
Something shocks you.
* * * LOW HITPOINT WARNING * * *
You take 9 damage, and have 3/35 hp.
MASSIVE DAMAGE!!
A sky beast appears from thin air!
Reactivating autopickup.
You hit the sky beast.
The sky beast is moderately wounded.
The sky beast misses you.
You closely miss the sky beast.
The sky beast is moderately wounded.
The sky beast hits you but does no damage.
You closely miss the sky beast.
The sky beast is moderately wounded.
The sky beast hits you but does no damage.
You barely miss the sky beast.
The sky beast is moderately wounded.
The sky beast hits you but does no damage.
You hit the sky beast.
The sky beast is heavily wounded.
The sky beast hits you but does no damage.
You hit the sky beast.
The sky beast is heavily wounded.
The sky beast closely misses you.
You hit the sky beast.
The sky beast is severely wounded.
The sky beast misses you.
You closely miss the sky beast.
The sky beast is severely wounded.
The sky beast barely misses you.
You barely miss the sky beast.
The sky beast is severely wounded.
The sky beast flickers out of sight!
Deactivating autopickup; reactivate with Ctrl-A.
Something hits you.
* * * LOW HITPOINT WARNING * * *
Something shocks you.
You die...
Your body crumbles into a pile of gold.

.....[..████████.█....███..███.█
........█ ██.█....██..██ █.█
........█ █.....).█...████.█
........█ █.........█......██


█████████ ██...███████████...█ █....█ █████.... ██....█ █........
██..██████████.███████ █....@{........█ ████████████████ There were no monsters
in sight!

Vanquished Creatures
  An orc priest (D:3)
  2 adders (D:2)
  2 oozes
  A worm (D:2)
  A dart slug (D:2)
  A leopard gecko (D:2)
  An orc (D:3)
  6 bats
  6 giant cockroaches
  5 goblins
  6 hobgoblins
  3 jackals (D:1)
  A quokka (D:1)
  3 ball pythons
  3 frilled lizards
  6 kobolds
  4 rats
52 creatures vanquished.

Vanquished Creatures (others)
  5 toadstools (D:1)
5 creatures vanquished.

Grand Total: 57 creatures vanquished

Notes
Turn   | Place    | Note
-------+----------+-------------------------------------------
     0 | D:1      | Goblin1989 the Demonspawn Monk began the quest for the Orb.
     0 | D:1      | Reached XP level 1. HP: 18/18 MP: 1/1
    89 | D:1      | Reached skill level 3 in Long Blades
   493 | D:1      | Gained mutation: You have a pair of small antennae on your head. [demonic ancestry]
   493 | D:1      | Reached XP level 2. HP: 24/24 MP: 2/2
  1557 | D:2      | Gained mutation: You have a pair of antennae on your head. [demonic ancestry]
  1557 | D:2      | Reached XP level 3. HP: 22/29 MP: 3/3
  1785 | D:2      | Reached skill level 4 in Long Blades
  2242 | D:2      | Found an opulent altar of Gozag.
  2244 | D:2      | Found a glowing golden altar of the Shining One.
  2253 | D:2      | Found a sacrificial altar of Ru.
  2264 | D:2      | Became a worshipper of Gozag Ym Sagoz the Greedy
  2487 | D:2      | Reached XP level 4. HP: 35/35 MP: 4/4
  2898 | D:3      | Reached skill level 5 in Long Blades
  3052 | D:3      | Noticed a sky beast
  3117 | D:2      | Slain by a sky beast

Vault maps used:
D:1:      ldierk_walled_garden, serial_forest, infiniplex_forest_straight_2,
          infiniplex_forest_lined_1, infiniplex_forest_clump_small,
          infiniplex_forest_lined_1, infiniplex_forest_clump_curved,
          infiniplex_forest_clump_curved, infiniplex_forest_lined_ring,
          infiniplex_forest_lined_corner, hex_intersection
D:2:      minitemple
D:3:      first_bread

Skill      XL: |  1  2  3  4 |
---------------+-------------+-----
Long Blades    | 3 4 5 |  5.0
Fighting       | |  3.0
Short Blades   | |  0.1
Armour         | |  0.1
Dodging        | |  2.6
Stealth        | |  1.7

Action                   |  1- 3 |  4- 6 || total
-------------------------+-------+-------++-------
Melee: Falchion          |   147 |    69 ||   216
 Fire: Blowgun           |     4 |     4 ||     8
Invok: Potion Petition   |       |     1 ||     1
  Use: Potion            |     1 |       ||     1
 Stab: Sleeping          |     1 |     1 ||     2
  Eat: Chunk             |     5 |       ||     5
       Bread ration      |       |     1 ||     1
Armor: Robe              |    27 |       ||    27
       Ring mail         |    32 |    24 ||    56
Dodge: Dodged            |   120 |    40 ||   160
       Rpst.: Falchion   |    37 |    10 ||    47

Vault maps used:
D:1:      ldierk_walled_garden, serial_forest, infiniplex_forest_straight_2,
          infiniplex_forest_lined_1, infiniplex_forest_clump_small,
          infiniplex_forest_lined_1, infiniplex_forest_clump_curved,
          infiniplex_forest_clump_curved, infiniplex_forest_lined_ring,
          infiniplex_forest_lined_corner, hex_intersection
D:2:      minitemple
D:3:      first_bread
